 Dungeon Crawl Stone Soup version 0.29.1-1-gd02db6906a (webtiles) character file.

Game seed: 4844179741464041590

7063 groovy9 the Skirmisher (level 11, -6/96 HPs)
             Began as a Formicid Hunter on Sept 18, 2022.
             Was a Believer of Hepliaklqana.
             Mangled by Snorg (14 damage)
             ... on level 10 of the Dungeon.
             The game lasted 00:41:18 (10910 turns).

groovy9 the Skirmisher (Formicid Hunter)           Turns: 10910, Time: 00:41:19

Health: -6/96      AC: 25    Str: 16    XL:     11   Next: 30%
Magic:  17/21      EV:  2    Int: 15    God:    Hepliaklqana [**....]
Gold:   555        SH:  0    Dex: 21    Spells: 16/24 levels left

rFire   + . .      SeeInvis .   a - +4 shortbow (freeze)
rCold   . . .      Faith    .   (no shield)
rNeg    . . .      Spirit   .   (body armour currently unavailable)
rPois   +          Reflect  .   (helmet unavailable)
rElec   .          Harm     .   (cloak currently unavailable)
rCorr   .          Rampage  .   (gloves currently unavailable)
Will    ++...                   (boots currently unavailable)
Stlth   ++........              (no amulet)
HPRegen 0.26/turn               i - +6 ring of intelligence
MPRegen 0.17/turn               B - ring of protection from fire

@: confusing by touch, tree-form, invisible
A: stationary, stasis, torment immunity, boosted hp, reduced essence, permanent
stasis, dig shafts and tunnels, (antennae 3), four strong arms, (cold resistance
1), strong-willed 1, (poison resistance)
a: Renounce Religion, Recall Ancestor, Ancestor Identity


You were on level 10 of the Dungeon.
You worshipped Hepliaklqana.
Hepliaklqana was pleased with you.
You were a tree.
You visited 2 branches of the dungeon, and saw 11 of its levels.

You collected 555 gold pieces.

Inventory:

Hand Weapons
 a - a +4 shortbow of freezing (weapon)
 b - the +10 short sword of Urgency {antimagic, Str+8 Int+3 Dex-2}
   (You found it on level 2 of the Dungeon)

   It reduces the magical energy of the wielder, and disrupts the spells and
   magical abilities of those it strikes.
   Natural abilities and divine invocations are not affected.
   Str:       It affects your strength (+8).
   Int:       It affects your intelligence (+3).
   Dex:       It affects your dexterity (-2).
Missiles
 s - 3 atropa-tipped darts
 v - 2 throwing nets
 w - 6 curare-tipped darts
Armour
 g - a +2 cloak of preservation (melded)
 q - the +0 ring mail of Paranoia (melded) {rElec SInv}
   (You found it on level 4 of the Dungeon)

   rElec:     It insulates you from electricity.
   SInv:      It lets you see invisible.
 u - a +0 pair of boots (melded)
 y - a +1 pair of gloves (melded)
Jewellery
 e - a ring of magical power
 i - a +6 ring of intelligence (left branch)
 k - an amulet of faith
 B - a ring of protection from fire (right branch)
Wands
 c - a wand of digging (3)
 o - a wand of light (21)
 p - a wand of polymorph (4)
 C - a wand of roots (3)
Scrolls
 h - 2 scrolls of magic mapping
 j - 3 scrolls of immolation
 m - 4 scrolls of identify
 t - a scroll of torment
 A - a scroll of noise
Potions
 d - a potion of brilliance
 f - 5 potions of attraction
 l - 3 potions of degeneration
 r - a potion of flight
 x - a potion of invisibility


   Skills:
 - Level 2.1 Fighting
 * Level 11.8 Ranged Weapons
 - Level 1.7 Dodging
 - Level 1.2 Stealth
 + Level 7.2 Spellcasting
 + Level 8.5 Hexes
 + Level 4.7 Transmutations
 + Level 3.2 Ice Magic
 + Level 5.1 Earth Magic


You had 16 spell levels left.
You knew the following spells:

 Your Spells              Type           Power      Damage    Failure   Level
a - Slow                  Hex            100%       N/A       1%          1
b - Confusing Touch       Hex            30%        N/A       1%          3
c - Passwall              Tmut/Erth      16%        N/A       2%          2
d - Ensorcelled Hibernat  Hex/Ice        46%        N/A       1%          2

Your spell library contained the following spells:

 Spells                   Type           Power      Damage    Failure   Level
 Poisonous Vapours        Pois/Air       10%        N/A       21%         2
 Scorch                   Fire           10%        2d6       21%         2
 Static Discharge         Conj/Air       5%         3-4/arc   21%         2
 Ignite Poison            Fire/Tmut/Pois 10%        N/A       21%         3
 Conjure Flame            Conj/Fire      5%         6-21      36%         3
 Gell's Gravitas          Tloc           5%         N/A       36%         3
 Lesser Beckoning         Tloc           5%         N/A       36%         3
 Teleport Other           Tloc           5%         N/A       36%         3
 Vampiric Draining        Necr           5%         2d6       36%         3
 Corpse Rot               Necr/Pois/Air  5%         N/A       78%         4
 Flame Wave               Conj/Fire      5%         2d5       78%         4
 Sticky Flame             Conj/Fire      5%         2d3       78%         4
 Lightning Bolt           Conj/Air       2%         1d14      98%         5
 Manifold Assault         Tloc           5%         N/A       98%         5
 Summon Cactus Giant      Summ           2%         N/A       100%        6
 Storm Form               Tmut/Air       6%         N/A       100%        7
 Maxwell's Capacitive Co  Air            2%         ∞         100%        8
 Blink                    Tloc           Unusable   N/A       N/A         2
 Swiftness                Air            Unusable   N/A       N/A         3

Dungeon Overview and Level Annotations

Branches:
Dungeon (10/15)            Temple (1/1) D:4
   Lair: D:8-11         Orc: D:9-12

Altars:
Ashenzari
Cheibriados
Dithmenos
Elyvilon
Fedhas
Gozag
Hepliaklqana
Kikubaaqudgha
Makhleb
Nemelex Xobeh
Okawaru
Qazlal
Ru
Sif Muna
Trog
Uskayaw
Vehumet
Wu Jian
Xom
Yredelemnul
Zin
The Shining One

Shops:
D:8 (

Annotations:
D:10 Snorg


Innate Abilities, Weirdness & Mutations

You are a tree.
Your roots penetrate the ground, keeping you stationary.
You cannot be teleported.
You are immune to unholy pain and torment.
Your maximum health is greatly increased.
Your equipment is partially melded.
Your life essence is reduced to manifest your ancestor. (-10% HP)
You cannot be hasted, slowed, berserked, paralysed or teleported.
You can dig through walls and to a lower floor.
((You have a pair of large antennae on your head. (SInv)))
Your four strong arms can wield two-handed weapons with a shield.
((Your flesh is cold resistant. (rC+)))
You are strong-willed. (Will+)
((Your system is resistant to poisons. (rPois)))


Message History

Snorg completely misses you. Snorg claws you!
You feel much better. Snorg bites you! Snorg claws you but does no damage.
Snorg claws you!
* * * LOW HITPOINT WARNING * * *
Okay, then.
Casting: Slow (safe; 1% risk of failure)
Confirm with . or Enter, or press ? or * to list all spells.
Your branches begin to glow red.
Snorg bites you.
* * * LOW HITPOINT WARNING * * *
Snorg claws you!
* * * LOW HITPOINT WARNING * * *
Snorg claws you but does no damage. Snorg bites you but does no damage.
Snorg claws you but does no damage. Snorg claws you!
* * * LOW HITPOINT WARNING * * *
You feel much better. Snorg bites you. Snorg claws you.
* * * LOW HITPOINT WARNING * * *
Snorg claws you but does no damage.
You fade into invisibility!
Snorg barely misses you. Snorg claws you but does no damage. x2
Snorg bites you but does no damage. Snorg claws you but does no damage. x2
Casting: Confusing Touch (safe; 1% risk of failure)
Confirm with . or Enter, or press ? or * to list all spells.
Aiming: Slow (safe; 1% risk of failure)
Press: ? - help, Shift-Dir - straight line, f/p - Snorg
Aim: Snorg (moderately wounded, berserk, unable to see you, chance to confuse on hit: 26%, chance to affect: 29%) Snorg easily resists.
Snorg bites you!
* * * LOW HITPOINT WARNING * * *
Snorg claws you!
* * * LOW HITPOINT WARNING * * *
Snorg claws you but does no damage.
Okay, then.
Fire: a) +4 shortbow (freeze)
Press: ? - help, Q - select action, (/) - cycle Shift-Dir - straight line, f/p - Snorg
Aim: Snorg (moderately wounded, berserk, unable to see you, chance to confuse on hit: 26%, 71% to hit)
You shoot an arrow. The arrow hits Snorg!
The arrow freezes Snorg.
Snorg is heavily wounded.
Snorg bites you but does no damage. Snorg claws you but does no damage.
Snorg barely misses you. Snorg bites you but does no damage.
Snorg claws you but does no damage. Snorg claws you!
You die...

# ###### #.
#....# #..####
#####...##
#..?.# #<....###
#T# #.###.# #♣#
#.##..#
#.#######.#..##
#.##....<.#.##
#.#..######.#
#.#.# ###.#
##...# ##..)#
##...## ##..###
#...## #..##
#.....#>#####.##


You could see Snorg (berserk, unable to see you).

Vanquished Creatures
  A two-headed ogre (D:9)
  A troll (D:7)
  Prince Ribbit (D:5)
  The ghost of Braxton the Covered, an amateur GrFi of Dithmenos (D:4)
  A wraith (D:9)
  A wyvern (D:8)
  Eustachio (D:5)
  Grum (D:10)
  3 yaks (D:9)
  A steam dragon (D:8)
  Duvessa (D:6)
  A water moccasin (D:9)
  An orc warrior (D:9)
  A sky beast (D:8)
  A hornet zombie (D:4)
  A black bear (D:7)
  An ogre (D:3)
  A wolf (D:10)
  5 phantoms
  2 centaurs
  5 bullfrogs
  2 necrophages
  5 scorpions
  A water moccasin skeleton (D:4)
  A howler monkey (D:8)
  2 crimson imps (D:6)
  2 bullfrog skeletons (D:4)
  3 hounds
  A jelly (D:6)
  2 gnoll boudas
  5 orc priests
  Crazy Yiuf (D:2)
  Natasha (thrice) (D:2)
  Terence (D:3)
  An iguana (D:6)
  10 orc wizards
  A mummy (D:5)
  13 gnolls
  8 adders
  3 shadow imps
  A white imp (D:7)
  2 ufetubi
  5 worms
  2 dart slugs
  23 orcs
  6 endoplasms
  3 giant cockroaches
  6 hobgoblins
  14 jackals
  10 kobolds
  A quokka (D:1)
  5 ball pythons
  5 bats
  2 frilled lizards (D:2)
  11 goblins
  A goblin zombie (D:5)
  3 rats
197 creatures vanquished.

Vanquished Creatures (collateral kills)
  A shadow (D:9)
  A wraith (D:10)
  A yak (D:9)
  A steam dragon (D:9)
  2 sky beasts
  2 wolves (D:10)
  A centaur (D:9)
  A bullfrog (D:9)
  Dowan (D:6)
  A crimson imp (D:6)
  A hound (D:5)
  3 orc priests
  2 gnoll boudas
  An iguana (D:7)
  An orc wizard (D:8)
  6 gnolls
  An adder (D:6)
  An ufetubus (D:6)
  A worm (D:6)
  3 orcs
  An orc zombie (D:5)
33 creatures vanquished.

Vanquished Creatures (others)
  A knight (D:10)
  7 ancestors
8 creatures vanquished.

Grand Total: 238 creatures vanquished

Notes
Turn   | Place    | Note
-------+----------+-------------------------------------------
     0 | D:1      | groovy9 the Formicid Hunter began the quest for the Orb.
     0 | D:1      | Reached XP level 1. HP: 16/16 MP: 1/1
    60 | D:1      | Reached XP level 2. HP: 16/22 MP: 2/2
   218 | D:1      | Found a faded altar of an unknown god.
   380 | D:1      | Reached XP level 3. HP: 27/27 MP: 3/3
   931 | D:2      | Reached skill level 5 in Ranged Weapons
   964 | D:2      | Found a runed translucent door.
   965 | D:2      | Noticed Crazy Yiuf
  1136 | D:2      | Noticed Natasha
  1147 | D:2      | Killed Natasha
  1148 | D:2      | Reached XP level 4. HP: 30/33 MP: 4/4
  1179 | D:2      | Noticed Natasha
  1187 | D:2      | Killed Natasha
  1245 | D:2      | Learned a level 1 spell: Slow
  1318 | D:2      | Identified the +10 short sword of Urgency {antimagic, Str+8
                  | Int+3 Dex-2}
  1360 | D:2      | Noticed Natasha
  1374 | D:2      | Killed Natasha
  1375 | D:2      | Reached XP level 5. HP: 20/38 MP: 5/5
  1553 | D:2      | Reached skill level 6 in Ranged Weapons
  1558 | D:2      | Reached skill level 1 in Hexes
  1858 | D:2      | Killed Crazy Yiuf
  1859 | D:2      | Reached skill level 1 in Spellcasting
  2218 | D:3      | Noticed an ogre
  2420 | D:3      | Reached XP level 6. HP: 44/44 MP: 7/7
  2594 | D:3      | Noticed Terence
  2607 | D:3      | Killed Terence
  2700 | D:3      | Killed an ogre
  2794 | D:3      | Learned a level 3 spell: Confusing Touch
  3265 | D:4      | Reached XP level 7. HP: 50/50 MP: 10/10
  3281 | D:4      | Found a transporter.
  3284 | D:4      | Noticed Braxton's ghost (amateur GrFi)
  3362 | D:4      | Reached skill level 7 in Ranged Weapons
  3554 | D:4      | Found a transporter.
  3808 | D:4      | Identified the +0 ring mail of Paranoia {rElec SInv}
  3962 | D:4      | Reached XP level 8. HP: 56/56 MP: 12/12
  4076 | D:4      | Found a staircase to the Ecumenical Temple.
  4085 | Temple   | Entered the Ecumenical Temple
  4100 | Temple   | Became a worshipper of Hepliaklqana the Forgotten
  4275 | D:5      | Entered Level 5 of the Dungeon
  4329 | D:5      | Noticed Prince Ribbit
  4352 | D:5      | You fall into a shaft and drop 3 floors!
  4555 | D:8      | Found Meoseles's Antique Weapon Emporium.
  4595 | D:8      | Reached skill level 8 in Ranged Weapons
  4903 | D:7      | Reached skill level 5 in Hexes
  4980 | D:6      | Noticed Dowan
  4981 | D:6      | Noticed Duvessa
  5058 | D:5      | Noticed Eustachio
  5105 | D:5      | Killed Eustachio
  5106 | D:5      | Reached skill level 9 in Ranged Weapons
  5106 | D:5      | Reached XP level 9. HP: 30/61 MP: 15/15
  5549 | D:5      | You fall into a shaft and drop 1 floor!
  5549 | D:6      | Reached * piety under Hepliaklqana
  5910 | D:6      | Reached skill level 5 in Spellcasting
  5924 | D:6      | Killed Duvessa
  5975 | D:6      | Killed Dowan
  6140 | D:5      | Killed Prince Ribbit
  6270 | D:5      | Learned a level 2 spell: Passwall
  6341 | D:5      | Identified the +3 sling of Hekki {freeze, +Blink rF- rC+}
  6672 | D:6      | Gained mutation: You possess an exceptional clarity of
                  | mind. [potion of mutation]
  6672 | D:6      | Gained mutation: Your body sometimes deteriorates upon
                  | taking damage. [potion of mutation]
  6672 | D:6      | Gained mutation: You are strong-willed. (Will+) [potion of
                  | mutation]
  6673 | D:6      | Lost mutation: You possess an exceptional clarity of mind.
                  | [potion of mutation]
  6673 | D:6      | Lost mutation: Your body sometimes deteriorates upon taking
                  | damage. [potion of mutation]
  6673 | D:6      | Gained mutation: Your flesh is cold resistant. (rC+)
                  | [potion of mutation]
  6673 | D:6      | Gained mutation: Your system is resistant to poisons.
                  | (rPois) [potion of mutation]
  6773 | D:6      | Reached skill level 10 in Ranged Weapons
  6839 | D:6      | Reached skill level 1 in Earth Magic
  6849 | D:6      | Reached skill level 1 in Transmutations
  7018 | D:6      | Found a snail-covered altar of Cheibriados.
  7174 | D:6      | Found a shimmering altar of Xom.
  7192 | D:6      | Reached XP level 10. HP: 60/60 MP: 18/18
  8259 | D:7      | Learned a level 2 spell: Ensorcelled Hibernation
  8712 | D:4      | Killed Braxton's ghost
  8713 | D:4      | Reached skill level 1 in Ice Magic
  9045 | D:8      | Reached skill level 11 in Ranged Weapons
  9293 | D:8      | Found a bloodstained altar of Trog.
  9677 | D:9      | Reached ** piety under Hepliaklqana
  9678 | D:9      | Remembered your ancestor Cipactli as a knight
 10079 | D:9      | Reached XP level 11. HP: 64/64 MP: 19/21
 10296 | D:9      | Noticed a two-headed ogre
 10303 | D:9      | Killed a two-headed ogre
 10462 | D:9      | Found a stormy altar of Qazlal.
 10822 | D:10     | Entered Level 10 of the Dungeon
 10857 | D:10     | Noticed Grum
 10866 | D:10     | Reached skill level 5 in Earth Magic
 10869 | D:10     | Killed Grum
 10893 | D:10     | Noticed Snorg
 10906 | D:10     | HP: 3/96 [Snorg (9)]
 10910 | D:10     | Mangled by Snorg

Illustrated notes

Levels and vault maps discovered:
D:1:      heliophobic_arrival_henge, layout_basic,
          hellmonk_ecumenical_altar_zigzags, minmay_strange_pillars,
          chequers_garden
D:2:      layout_rooms, uniq_crazy_yiuf_cottage, uniq_natasha
D:3:      layout_loops_ring, uniq_terence
D:4:      layout_basic, temple_hall, gammafunk_ghost_mausoleum,
          serial_bayou_pond_e, nzn_random_ring
D:5:      layout_rooms, nicolae_ossuary_entry_giza, cheibrodos_sewer_entry_bend,
          uniq_eustachio, uniq_prince_ribbit1
D:6:      layout_rooms, slow_altar_2, led_xom_imps, minmay_pentangle,
          uniq_duvessa
D:7:      layout_loops_ring
D:8:      layout_cave_pools, lemuel_tele_altar, serial_shops, shop,
          serial_column_ruins, column_ruins_grid_4,
          column_ruins_columns_dead_end, column_ruins_grid_1,
          column_ruins_open_small, nicolae_underground_beach
D:9:      layout_basic, kennysheep_little_box
D:10:     lemuel_flame_loot_2, layout_rooms, orc_0_dummy, uniq_snorg, uniq_grum,
          uniq_sonja
Temple:   compressed_dpeg_circular_temple

Skill      XL: |  1  2  3  4  5  6  7  8  9 10 11 |
---------------+----------------------------------+-----
Ranged Weapons | 5 6 7 9 10 11 | 11.8
Hexes          | 1 2 3 5 6 8 |  8.5
Spellcasting   | 1 2 3 4 5 6 7 |  7.2
Earth Magic    | 2 4 5 |  5.1
Transmutations | 1 4 |  4.7
Ice Magic      | 2 3 |  3.2
Fighting       | |  2.1
Dodging        | |  1.7
Stealth        | |  1.2

Action                   |  1- 3 |  4- 6 |  7- 9 | 10-12 || total
-------------------------+-------+-------+-------+-------++-------
Melee: Dagger            |     4 |       |       |       ||     4
 Fire: Shortbow          |    93 |   136 |   410 |   275 ||   914
 Cast: Slow              |       |       |     3 |     3 ||     6
       Confusing Touch   |       |       |       |     1 ||     1
Invok: Recall Ancestor   |       |       |       |     4 ||     4
       Ancestor Life: Kn |       |       |       |     1 ||     1
 Abil: Dig               |     4 |       |     4 |     4 ||    12
       Shaft Self        |       |       |     2 |       ||     2
Evoke: Wand              |       |       |       |     3 ||     3
  Use: Scroll            |     5 |     5 |     4 |       ||    14
       Potion            |       |     1 |     5 |     8 ||    14
Armor: Leather armour    |    13 |     9 |    17 |       ||    39
       Ring mail         |       |       |    69 |    29 ||    98
       Skin              |       |       |       |    19 ||    19
Dodge: Dodged            |    32 |    30 |   110 |    40 ||   212
